% Time on Ice - ANAHEIM OUTLAWS
Lines # - Real PCT - Wanted PCT - Time Play
Normal Forward
1 - 37% - 36% - 19:35
2 - 31% - 31% - 16:43
3 - 22% - 23% - 12:01
4 - 10% - 10% - 5:11
Normal Defense
1 - 34% - 36% - 18:11
2 - 30% - 31% - 15:57
3 - 30% - 23% - 15:51
4 - 7% - 10% - 3:31
PP Forward
1 - 42% - 55% - 1:41
2 - 58% - 45% - 2:17
PP Defense
1 - 36% - 55% - 1:26
2 - 64% - 45% - 2:32
PK Forward
1 - 67% - 55% - 1:42
2 - 33% - 45% - 0:50
PK Defense
1 - 31% - 55% - 0:47
2 - 69% - 45% - 1:45
PK3 Forward
1 - 0% - 55%
2 - 0% - 45%
PK3 Defense
1 - 0% - 55%
2 - 0% - 45%
44 Forward
1 - 0% - 55%
2 - 0% - 45%
44 Defense
1 - 0% - 55%
2 - 0% - 45%
Last Minute Offensive  - 0:00
Last Minute Defensive  - 0:00
Total
Forward - 60:00
Defense - 60:00
% Time on Ice - CALGARY FIREMEN
Lines # - Real PCT - Wanted PCT - Time Play
Normal Forward
1 - 34% - 36% - 18:15
2 - 29% - 31% - 15:34
3 - 23% - 23% - 12:06
4 - 14% - 10% - 7:35
Normal Defense
1 - 33% - 36% - 17:27
2 - 35% - 31% - 18:50
3 - 27% - 23% - 14:34
4 - 5% - 10% - 2:39
PP Forward
1 - 39% - 55% - 1:00
2 - 61% - 45% - 1:32
PP Defense
1 - 10% - 55% - 0:15
2 - 90% - 45% - 2:17
PK Forward
1 - 50% - 55% - 1:58
2 - 50% - 45% - 2:00
PK Defense
1 - 53% - 55% - 2:07
2 - 47% - 45% - 1:51
PK3 Forward
1 - 0% - 55%
2 - 0% - 45%
PK3 Defense
1 - 0% - 55%
2 - 0% - 45%
44 Forward
1 - 0% - 55%
2 - 0% - 45%
44 Defense
1 - 0% - 55%
2 - 0% - 45%
Last Minute Offensive  - 0:00
Last Minute Defensive  - 0:00
Total
Forward - 60:00
Defense - 60:00
Play-by-Play 1st period 0:01 of 1st period - Ryan Johansen wins face-off versus Evgeny Kuznetsov in neutral zone. 0:06 of 1st period - Shot by Jakob Silfverberg. 0:06 of 1st period - Stopped by Jacob Markstrom without a rebound. 0:07 of 1st period - Mason Marchment wins face-off versus Adrian Kempe in ANAHEIM OUTLAWS zone. 0:22 of 1st period - Shot by Mason Marchment. 0:22 of 1st period - Shot Misses the Net. 0:34 of 1st period - Shot by Oskar Lindblom. 0:34 of 1st period - Stopped by Jacob Markstrom without a rebound. 0:35 of 1st period - Brett Howden wins face-off versus Kent Johnson in ANAHEIM OUTLAWS zone. 0:36 of 1st period - Shot by Sonny Milano. 0:36 of 1st period - Stopped by Jacob Markstrom without a rebound. 0:37 of 1st period - Pius Suter wins face-off versus Brett Howden in ANAHEIM OUTLAWS zone. 0:43 of 1st period - Shot by Brett Howden. 0:43 of 1st period - Stopped by Jacob Markstrom with a rebound. 1:06 of 1st period - Icing by Jordan Oesterle. 1:07 of 1st period - Evgeny Kuznetsov wins face-off versus Brett Howden in CALGARY FIREMEN zone. 1:07 of 1st period - Jeff Skinner is hit by Colton White and loses puck. 1:35 of 1st period - Shot by Mattias Janmark-Nylen. 1:35 of 1st period - Shot Blocked by Jacob Trouba. 1:47 of 1st period - Shot by Jakob Silfverberg. 1:47 of 1st period - Shot Blocked by Jacob Trouba. 2:09 of 1st period - Shot by Jakob Silfverberg. 2:09 of 1st period - Shot Blocked by Jacob Trouba. 2:11 of 1st period - Shot by Jakob Silfverberg. 2:11 of 1st period - Stopped by Jacob Markstrom with a rebound. 2:26 of 1st period - Icing by Olli Maatta. 2:27 of 1st period - Michael Rasmussen wins face-off versus Mason Marchment in CALGARY FIREMEN zone. 2:27 of 1st period - Michael Rasmussen is hit by Olli Maatta. 2:56 of 1st period - Michael Rasmussen is hit by Olli Maatta. 3:22 of 1st period - Icing by Rasmus Ristolainen. 3:23 of 1st period - Adrian Kempe wins face-off versus Michael McCarron in ANAHEIM OUTLAWS zone. 3:23 of 1st period - Adrian Kempe is hit by Michael McCarron. 3:28 of 1st period - Carter Verhaeghe is hit by Michael McCarron and loses puck. 4:51 of 1st period - Noah Hanifin is hit by Ryan Johansen and loses puck. 5:21 of 1st period - Icing by Noah Hanifin. 5:22 of 1st period - Pius Suter wins face-off versus Mason Marchment in ANAHEIM OUTLAWS zone. 5:39 of 1st period - Shot by Kevin Fiala. 5:39 of 1st period - Shot Misses the Net. 5:53 of 1st period - Shot by Jeff Skinner. 5:53 of 1st period - Shot Misses the Net. 5:55 of 1st period - Shot by Rasmus Ristolainen. 5:55 of 1st period - Goal by Rasmus Ristolainen - ANAHEIM OUTLAWS : 1 - CALGARY FIREMEN : 0. 5:56 of 1st period - Brett Howden wins face-off versus Adrian Kempe in neutral zone. 6:13 of 1st period - Shot by Adrian Kempe. 6:13 of 1st period - Shot Misses the Net. 6:24 of 1st period - Michael Bunting is hit by Nikita Zadorov and loses puck. 6:42 of 1st period - Icing by Nikita Zadorov. 6:43 of 1st period - Brett Howden wins face-off versus Evgeny Kuznetsov in CALGARY FIREMEN zone. 6:43 of 1st period - Brett Howden is hit by Evgeny Kuznetsov. 7:05 of 1st period - Shot by Kevin Fiala. 7:05 of 1st period - Shot Misses the Net. 7:17 of 1st period - Shot by Jeff Skinner. 7:17 of 1st period - Deflect By Kevin Fiala. 7:17 of 1st period - Goal by Kevin Fiala - ANAHEIM OUTLAWS : 2 - CALGARY FIREMEN : 0. 7:18 of 1st period - Ryan Johansen wins face-off versus Michael Rasmussen in neutral zone. 7:29 of 1st period - Shot by Ryan Johansen. 7:29 of 1st period - Shot Misses the Net. 9:31 of 1st period - Shot by Yakov Trenin. 9:31 of 1st period - Stopped by Jacob Markstrom without a rebound. 9:31 of 1st period - Minor Penalty to Jacob Markstrom for Slashing. 9:32 of 1st period - Michael Rasmussen wins face-off versus Mason Marchment in ANAHEIM OUTLAWS zone. 9:32 of 1st period - Michael Rasmussen is hit by Yakov Trenin. 10:25 of 1st period - Shot by Brett Howden. 10:25 of 1st period - Shot Misses the Net. 11:15 of 1st period - Off-side. 11:16 of 1st period - Jeff Skinner wins face-off versus Mason Marchment in neutral zone. 11:49 of 1st period - Shot by Jordan Oesterle. 11:49 of 1st period - Stopped by Jacob Markstrom without a rebound. 11:50 of 1st period - Brett Howden wins face-off versus Kevin Fiala in ANAHEIM OUTLAWS zone. 12:07 of 1st period - Shot by Sonny Milano. 12:07 of 1st period - Stopped by Jacob Markstrom without a rebound. 12:08 of 1st period - Mason Marchment wins face-off versus Adrian Kempe in ANAHEIM OUTLAWS zone. 13:13 of 1st period - Shot by Jack Quinn. 13:13 of 1st period - Stopped by Alex Nedeljkovic without a rebound. 13:14 of 1st period - Evgeny Kuznetsov wins face-off versus Ryan Johansen in CALGARY FIREMEN zone. 13:15 of 1st period - Shot by Kevin Fiala. 13:15 of 1st period - Shot Misses the Net. 13:44 of 1st period - Off-side. 13:45 of 1st period - Michael McCarron wins face-off versus Pius Suter in neutral zone. 14:25 of 1st period - Shot by Pius Suter. 14:25 of 1st period - Stopped by Alex Nedeljkovic without a rebound. 14:26 of 1st period - Ryan Johansen wins face-off versus Evgeny Kuznetsov in CALGARY FIREMEN zone. 15:34 of 1st period - Shot by Carter Verhaeghe. 15:34 of 1st period - Shot Misses the Net. 15:48 of 1st period - Shot by Adrian Kempe. 15:48 of 1st period - Stopped by Alex Nedeljkovic without a rebound. 15:49 of 1st period - Pius Suter wins face-off versus Mason Marchment in CALGARY FIREMEN zone. 16:52 of 1st period - Shot by Michael Bunting. 16:52 of 1st period - Shot Misses the Net. 16:54 of 1st period - Shot by Henri Jokiharju. 16:54 of 1st period - Stopped by Alex Nedeljkovic without a rebound. 16:55 of 1st period - Evgeny Kuznetsov wins face-off versus Brett Howden in CALGARY FIREMEN zone. 17:22 of 1st period - Shot by Kevin Fiala. 17:22 of 1st period - Shot Misses the Net. 17:27 of 1st period - Icing by Brett Howden. 17:28 of 1st period - Adrian Kempe wins face-off versus Brett Howden in CALGARY FIREMEN zone. 17:33 of 1st period - Shot by Carter Verhaeghe. 17:33 of 1st period - Shot Misses the Net. 17:37 of 1st period - Shot by Adrian Kempe. 17:37 of 1st period - Shot Misses the Net. 17:47 of 1st period - Shot by Michael Bunting. 17:47 of 1st period - Stopped by Alex Nedeljkovic without a rebound. 17:48 of 1st period - Ryan Johansen wins face-off versus Kent Johnson in CALGARY FIREMEN zone. 18:55 of 1st period - Icing by Jake McCabe. 18:56 of 1st period - Michael McCarron wins face-off versus Adrian Kempe in CALGARY FIREMEN zone. 18:56 of 1st period - Michael McCarron is hit by Carter Verhaeghe. 19:01 of 1st period - Jake McCabe is hit by Rasmus Ristolainen and loses puck. 19:16 of 1st period - Shot by Fabian Zetterlund. 19:16 of 1st period - Shot Misses the Net. Goals for this period are 2 for ANAHEIM OUTLAWS vs 0 for CALGARY FIREMEN. Shots for this period are 7 for ANAHEIM OUTLAWS vs 8 for CALGARY FIREMEN. 2nd period 0:01 of 2nd period - Evgeny Kuznetsov wins face-off versus Mason Marchment in neutral zone. 0:06 of 2nd period - Shot by Jeff Skinner. 0:06 of 2nd period - Shot Misses the Net. 1:55 of 2nd period - Icing by Pius Suter. 1:56 of 2nd period - Ryan Johansen wins face-off versus Pius Suter in ANAHEIM OUTLAWS zone. 3:19 of 2nd period - Icing by Brett Howden. 3:20 of 2nd period - Michael Rasmussen wins face-off versus Liam Foudy in CALGARY FIREMEN zone. 3:31 of 2nd period - Shot by Michael Rasmussen. 3:31 of 2nd period - Stopped by Alex Nedeljkovic without a rebound. 3:32 of 2nd period - Michael McCarron wins face-off versus Adrian Kempe in CALGARY FIREMEN zone. 3:53 of 2nd period - Shot by Carter Verhaeghe. 3:53 of 2nd period - Shot Blocked by Olli Maatta. 4:26 of 2nd period - Icing by Olli Maatta. 4:27 of 2nd period - Michael McCarron wins face-off versus Evgeny Kuznetsov in CALGARY FIREMEN zone. 4:50 of 2nd period - Shot by Jeff Skinner. 4:50 of 2nd period - Stopped by Alex Nedeljkovic without a rebound. 4:51 of 2nd period - Michael Rasmussen wins face-off versus Liam Foudy in CALGARY FIREMEN zone. 5:06 of 2nd period - Icing by Liam Foudy. 5:07 of 2nd period - Evgeny Kuznetsov wins face-off versus Brett Howden in CALGARY FIREMEN zone. 5:12 of 2nd period - Shot by Kevin Fiala. 5:12 of 2nd period - Deflect By Evgeny Kuznetsov. 5:12 of 2nd period - Shot Blocked by Jordan Oesterle. 5:34 of 2nd period - Shot by Jeff Skinner. 5:34 of 2nd period - Stopped by Alex Nedeljkovic without a rebound. 5:35 of 2nd period -